 Dungeon Crawl Stone Soup version 0.29-a0-320-g9f8742066b (webtiles) character file.

Game seed: 12940759230604537522

79 experimilk the Cudgeller (level 4, 0/37 HPs)
             Began as a Palentonga Fighter on Apr 2, 2022.
             Blown up by Ijyb (5 damage)
             ... with a mindburst bolt
             ... on level 3 of the Dungeon.
             The game lasted 00:02:36 (2445 turns).

experimilk the Cudgeller (Palentonga Fighter)       Turns: 2445, Time: 00:02:37

Health: 0/37       AC:  7    Str: 21    XL:     4   Next: 16%
Magic:  4/4        EV:  7    Int:  9    God:
Gold:   63         SH:  4    Dex:  9    Spells: 3/3 levels left

rFire   . . .      SeeInvis +   a - +0 flail
rCold   . . .      Faith    .   c - +0 buckler
rNeg    . . .      Spirit   .   b - +0 scale mail
rPois   .          Reflect  .   l - +0 helmet
rElec   .          Harm     .   (no cloak)
rCorr   .          Rampage  .   (no gloves)
Will    .....                   (no barding)
Stlth   ..........              (no amulet)
HPRegen 0.12/turn               (no ring)
MPRegen 0.09/turn               (no ring)

@: no status effects
A: large, rugged brown scales 3, see invisible, deformed body, roll 1, armoured
tail
a: Rolling Charge


You were on level 3 of the Dungeon.
You visited 1 branch of the dungeon, and saw 3 of its levels.

You collected 184 gold pieces.
You spent 121 gold pieces at shops.

Inventory:

Hand Weapons
 a - a +0 flail (weapon)
Armour
 b - a +0 scale mail (worn)
 c - a +0 buckler (worn)
 l - a +0 helmet (worn)
Jewellery
 g - a ring of fire
 i - a +6 ring of intelligence
 o - a +4 ring of evasion
Wands
 r - a wand of paralysis (12)
Scrolls
 e - a scroll of enchant armour {unknown}
 k - 2 scrolls of identify {unknown}
 m - a scroll of fear {unknown}
 p - a scroll of enchant weapon {unknown}
Potions
 d - a potion of might
 f - a potion of mutation {unknown}
 h - 3 potions of curing {unknown}
 j - a potion of magic {unknown}
 n - a potion of resistance {unknown}
 q - 2 potions of heal wounds {unknown}


   Skills:
 - Level 3.0 Fighting
 * Level 4.5 Maces & Flails
 - Level 2.4 Armour
 - Level 2.4 Shields


You had 3 spell levels left.
You didn't know any spells.
Your spell library contained the following spells:

 Spells                   Type           Power      Damage    Failure   Level
 Sublimation of Blood     Necr           0%         N/A       91%         2
 Petrify                  Tmut/Erth      0%         N/A       100%        4
 Irradiate                Conj/Tmut      0%         3d13      100%        5


Dungeon Overview and Level Annotations

Branches:
Dungeon (3/15)

Altars:
Xom

Shops:
D:2 [

Annotations:
D:3 Ijyb


Innate Abilities, Weirdness & Mutations

You are completely covered in rugged brown scales. (AC +3, +7% HP)
You have supernaturally acute eyesight. (SInv)
Armour fits poorly on your strangely shaped body.
You can roll at nearby foes to attack.
You have a long armoured tail.


Message History

Press: ? - help, Dir - move target, f - worm
Aim: a worm You roll forward with a clatter of scales!
You barely miss the worm.
You hear an angry hiss.
The worm bites you.
You hit the worm.
The worm is moderately wounded.
You sock the worm!
Your tail-slap misses the worm.
The worm is severely wounded.
The worm completely misses you.
You hit the worm.
The worm is severely wounded.
The worm closely misses you.
You barely miss the worm.
The worm is severely wounded.
You hit the worm.
The worm is severely wounded.
The worm bites you!
You barely miss the worm.
The worm is severely wounded.
The worm bites you.
You hit the worm. You tail-slap the worm.
You kill the worm!
Ijyb zaps a wand.
You barely resist.
Roll where?
Press: ? - help, Dir - move target, f - Ijyb
Aim: Ijyb, wielding a +0 dagger, wearing a +3 leather armour of positive energy and carrying a wand of mindburst (15)
You roll forward with a clatter of scales!
You hit Ijyb. You tail-slap Ijyb!
Ijyb is moderately wounded.
You hear an angry hiss.
Ijyb zaps a wand.
Your mind is blasted!
* * * LOW HITPOINT WARNING * * *
Ijyb zaps a wand.
Your mind is blasted!
* * * LOW HITPOINT WARNING * * *
You closely miss Ijyb.
Ijyb is moderately wounded.
Ijyb zaps a wand.
Your mind is blasted!
You die...

..........###...#...#...##
##....#####.....#...#...#...
#..## ###.......#...#.....
...... #...####.###.###....
#.#...###.####....#...#.....
................#...#...#..#
..###...#######...#...#....#
##...#####...###.###.###
#.#.Jg@°.....#...#...#
#.#.####.#.#...#...#.#
#..........#.....#(..#...#
##...≈#.#≈..........######
#..≈≈≈#.#≈≈≈..#####.####
..≈≈≈≈#.#≈≈≈≈.. #......#
.≈≈≈≈ #.#≈≈≈≈≈.##......#
J≈≈≈ #.#≈≈≈≈≈..#......# ≈≈##
#.#####≈≈........#


You could see Ijyb and an endoplasm.

Vanquished Creatures
  A gnoll (D:1)
  2 adders
  A worm (D:3)
  3 dart slugs
  2 ball pythons
  4 bats
  6 giant cockroaches
  3 goblins
  5 hobgoblins
  3 kobolds
  3 quokkas (D:1)
  3 frilled lizards (D:1)
  5 rats (D:1)
41 creatures vanquished.

Notes
Turn   | Place    | Note
-------+----------+-------------------------------------------
     0 | D:1      | experimilk the Palentonga Fighter began the quest for the
                  | Orb.
     0 | D:1      | Reached XP level 1. HP: 19/19 MP: 1/1
   249 | D:1      | Reached XP level 2. HP: 25/25 MP: 2/2
   277 | D:1      | Reached skill level 3 in Maces & Flails
   595 | D:1      | Reached XP level 3. HP: 31/31 MP: 3/3
  1273 | D:2      | Found Pafal's Antique Armour Shop.
  1336 | D:2      | Bought a helmet for 121 gold pieces
  1361 | D:2      | Reached skill level 4 in Maces & Flails
  1842 | D:2      | Found a shimmering altar of Xom.
  2204 | D:3      | Reached XP level 4. HP: 28/37 MP: 4/4
  2428 | D:3      | Noticed Ijyb
  2445 | D:3      | Blown up by Ijyb

Illustrated notes

Levels and vault maps discovered:
D:1:      wander_arrival_abandoned_jail, layout_loops_corners,
          minmay_misc_feat_square
D:2:      layout_loops_corners, basic_altar, serial_shops, shop_coins
D:3:      layout_rooms, minmay_misc_feat_four_crosses, minivault_23,
          grunt_decor_junction, uniq_ijyb, uniq_jessica

Skill      XL: |  1  2  3 |
---------------+----------+-----
Maces & Flails | 3 4 |  4.5
Fighting       | |  3.0
Armour         | |  2.4
Shields        | |  2.4

Action                   |  1- 3 |  4- 6 || total
-------------------------+-------+-------++-------
Melee: Flail             |   128 |    10 ||   138
       Tailslap          |    12 |     2 ||    14
 Abil: Rolling Charge    |     1 |     2 ||     3
Evoke: Wand              |     1 |       ||     1
 Stab: Paralysed         |     1 |       ||     1
Armor: Scale mail        |    82 |       ||    82
Dodge: Dodged            |    50 |     2 ||    52
Block: Buckler           |    25 |       ||    25

Table legend: (Time is in decaauts)
 A = Elapsed time spent in this place.
 B = Non-inter-level travel time spent in this place.
 C = Inter-level travel time spent in this place.
 D = Time resting spent in this place.
 E = Time spent auto-exploring this place.
 F = Levels seen in this place.
 G = Mean time per level.
                   A        B        C        D        E       F      G
               +--------+--------+--------+--------+--------+-----+--------+
         Total |   2479 |   2370 |    109 |    261 |   1715 |   3 |  826.3 |
       Dungeon |   2479 |   2370 |    109 |    261 |   1715 |   3 |  826.3 |
               +--------+--------+--------+--------+--------+-----+--------+

Top non-repeatable levels by time:
     D:1: 1210 daAuts
     D:2: 932 daAuts
     D:3: 336 daAuts
